 Dungeon Crawl Stone Soup version 0.22-a0-388-g09e6169 (webtiles) character file.

140 Mgcat the Insei (level 5, -3/33 HPs)
             Began as an Octopode Transmuter on Apr 29, 2018.
             Slain by an orc
             ... wielding a +0 trident
              (9 damage)
             ... on level 3 of the Dungeon.
             The game lasted 00:05:10 (1690 turns).

Mgcat the Insei (Octopode Transmuter)               Turns: 1690, Time: 00:05:10

Health: -3/33      AC:  1    Str:  9    XL:     5   Next: 23%
Magic:  4/8        EV: 13    Int: 17    God:
Gold:   97         SH:  0    Dex: 12    Spells: 2/8 levels left

rFire    . . .     SeeInvis .   o - +2 short sword (elec)
rCold    . . .     Gourm    .   (no shield)
rNeg     . . .     Faith    .   (helmet restricted)
rPois    .         Spirit   .   (no amulet)
rElec    .         Reflect  .   (no ring)
rCorr    .         Harm     .   (no ring)
MR       .....                  (no ring)
Stlth    ++........             (no ring)
HPRegen  0.11/turn              (no ring)
MPRegen  0.11/turn              (no ring)
                                (no ring)
                                (no ring)

@: no status effects
A: almost no armour, stealthy swim, amphibious, 8 rings, constrict 8, camouflage
1, gelatinous body 1
a: no special abilities


You were on level 3 of the Dungeon.
You were not hungry.

You visited 1 branch of the dungeon, and saw 3 of its levels.

You collected 97 gold pieces.

Inventory:

Hand Weapons
 o - a +2 short sword of electrocution (weapon)
   (You took it off a kobold on level 2 of the Dungeon)
Missiles
 a - 48 arrows
Jewellery
 p - an uncursed ring of see invisible {unknown}
   (You found it on level 3 of the Dungeon)
Scrolls
 h - a scroll of amnesia {unknown}
 i - a scroll of random uselessness {unknown}
 j - a scroll of remove curse {unknown}
 k - a scroll of blinking {unknown}
 l - a scroll of immolation {unknown}
 n - 2 scrolls of identify {unknown}
 q - 2 scrolls of teleportation {unknown}
Potions
 b - a potion of haste {unknown}
 e - 3 potions of degeneration {unknown}
 f - a potion of heal wounds {unknown}
 g - a potion of magic {unknown}
 m - 2 potions of lignification {unknown}
Comestibles
 c - 5 rations
 d - 5 chunks of flesh {@w0}


   Skills:
 - Level 1.0 Fighting
 - Level 2.0 Dodging
 + Level 4.2 Unarmed Combat
 - Level 2.0 Spellcasting
 + Level 3.5 Transmutations
 + Level 2.4 Poison Magic


You had 2 spell levels left.
You knew the following spells:

 Your Spells              Type           Power        Failure   Level  Hunger
a - Beastly Appendage     Tmut           ##....       4%          1    #......
b - Sticks to Snakes      Tmut           ##......     7%          2    ###....
c - Spider Form           Tmut/Pois      ##........   17%         3    ###....


Dungeon Overview and Level Annotations

Branches:
Dungeon (3/15)

Altars:
Elyvilon
Fedhas
Qazlal
Uskayaw
The Shining One


Innate Abilities, Weirdness & Mutations

You cannot wear most types of armour.
You are very stealthy in the water. (Stealth+)
You are amphibious.
You can wear up to eight rings at the same time.
You can use your tentacles to constrict eight enemies at once.
Your skin changes colour to match your surroundings (Stealth+).
Your rubbery body absorbs attacks. (AC +1, EV +1)


Message History

You see here a bat corpse.
You butcher the bat corpse.
The orc shouts!
You hear a shout! x2
The orc moves out of view.
You hear a shout!
An orc wizard comes into view. It is wielding a dagger.
You see here a chunk of flesh {@w0}.
You hear a shout!
An orc comes into view. It is wielding a trident.
Casting: Beastly Appendage (safe; 5% risk of failure)
Confirm with . or Enter, or press ? or * to list all spells.
You turn into a venomous arachnid creature.
Your +2 short sword of electrocution melds into your body.
Your +2 short sword of electrocution stops crackling.
You hit the orc.
The orc is poisoned.
The orc is heavily wounded.
The orc completely misses you.
You hit the orc.
You kill the orc!
Your Unarmed Combat skill increases to level 4!
Your transformation is almost over.
The orc wizard mumbles some strange words.
The orc wizard blinks!
The orc closely misses you.
Things that are here:
a dagger; a leather armour A hobgoblin and an orc wizard come into view.
The hobgoblin shouts!
You hear a shout!
The orc wizard mumbles some strange words.
The orc wizard seems to speed up.
The orc misses you.
You hear an angry hiss.
You hear a shout!
You hit the orc.
The orc is lightly wounded.
The orc misses you.
An orc comes into view. It is wielding a flail.
The orc shouts!
You hit the orc.
The orc is poisoned.
The orc is severely wounded.
You kill the orc!
A frilled lizard comes into view.
You hit the orc wizard but do no damage.
The orc wizard is poisoned.
The orc wizard gestures wildly while chanting.
The orc wizard blinks!
An orc comes into view. It is wielding a trident.
You hit the orc wizard.
The orc wizard is poisoned.
The orc wizard is lightly wounded.
The orc wizard gestures at you while chanting.
The magic dart hits you! The orc wizard misses you.
A kobold and an orc come into view.
You bite the orc wizard!
The orc wizard is severely wounded.
The orc wizard misses you. The hobgoblin closely misses you.
You closely miss the orc wizard.
The orc wizard is severely wounded.
The orc wizard gestures at you while chanting.
The magic dart hits you! The orc misses you. The hobgoblin misses you.
The orc wizard gestures wildly while chanting.
The orc wizard blinks!
The orc wizard misses you.
Things that are here:
a dagger; a leather armour You hit the orc wizard.
You kill the orc wizard!
Your Poison Magic skill increases to level 2!
Your transformation has ended.
Your +2 short sword of electrocution unmelds from your body.
You hear the crackle of electricity.
The orc misses you. The hobgoblin misses you.
You hit the hobgoblin. You grab the hobgoblin.
The hobgoblin is moderately wounded.
You constrict the hobgoblin, but do no damage.
The hobgoblin closely misses you.
You hit the hobgoblin.
You kill the hobgoblin!
The orc barely misses you. The orc wizard barely misses you.
You barely miss the orc wizard. Your grab misses the orc wizard.
The orc wizard is severely wounded.
The orc completely misses you.
The orc hits you from afar with a trident!
The orc wizard gestures wildly while chanting.
The orc wizard seems to speed up.
The orc wizard closely misses you.
You hit the orc wizard. You grab the orc wizard.
Your tentacle-slap misses the orc wizard.
You kill the orc wizard!
You have reached level 5!
You feel clever. The orc closely misses you.
The orc hits you from afar with a trident!
* * * LOW HITPOINT WARNING * * *
Unknown command.
Unknown command.
Unknown command.
Okay, then.
Unknown command.
Unknown command.
Casting: Spider Form (safe; 17% risk of failure)
Confirm with . or Enter, or press ? or * to list all spells.
You create a snake!
You now have 48 arrows.
The orc barely misses you. x2
The orc hits you from afar with a trident!
You die...

...........#.?..8.....#
....########......%...#
....#########._..._.#.#
......................#.#
................o.).K.....
#############...l####.#...
# #..oo# .# #. ####.# .
#@# o. #S.# .. ##.# .# .#
.# .. ..


You could see 3 orcs, a frilled lizard and a friendly ball python.

Vanquished Creatures
  2 orc wizards (D:3)
  An adder (D:2)
  An ooze (D:2)
  2 worms (D:2)
  2 dart slugs
  3 leopard geckos (D:2)
  2 orcs (D:3)
  10 bats
  A giant cockroach (D:1)
  7 goblins
  6 hobgoblins
  4 kobolds
  3 quokkas
  A ball python (D:1)
  6 frilled lizards
  4 rats
55 creatures vanquished.

Notes
Turn   | Place    | Note
-------+----------+-------------------------------------------
     0 | D:1      | Mgcat the Octopode Transmuter began the quest for the Orb.
     0 | D:1      | Reached XP level 1. HP: 13/13 MP: 3/3
   129 | D:1      | Reached XP level 2. HP: 8/18 MP: 3/5
   552 | D:2      | HP: 2/18 [worm (5)]
   553 | D:2      | Reached XP level 3. HP: 3/23 MP: 4/6
   557 | D:2      | Learned a level 2 spell: Sticks to Snakes
   561 | D:2      | Learned a level 3 spell: Spider Form
   857 | D:2      | Found a blossoming altar of Fedhas.
   930 | D:2      | Reached skill level 3 in Transmutations
   930 | D:2      | Reached skill level 1 in Poison Magic
  1094 | D:2      | Reached XP level 4. HP: 27/28 MP: 5/7
  1643 | D:3      | Found a glowing golden altar of the Shining One.
  1649 | D:3      | Found a white marble altar of Elyvilon.
  1649 | D:3      | Found a stormy altar of Qazlal.
  1650 | D:3      | Found a hide-covered altar of Uskayaw.
  1671 | D:3      | Reached skill level 4 in Unarmed Combat
  1681 | D:3      | Reached skill level 2 in Poison Magic
  1687 | D:3      | Reached XP level 5. HP: 14/33 MP: 5/8
  1687 | D:3      | HP: 5/33 [orc/trident (9)]
  1690 | D:3      | Slain by an orc

Vault maps used:
D:1:      minmay_arrival_four_houses
D:2:      fedhas_altar_4
D:3:      grunt_temple_overflow_open, first_ration

Skill      XL: |  1  2  3  4 |
---------------+-------------+-----
Transmutations | 3 |  3.5
Poison Magic   | 1 2 |  2.4
Unarmed Combat | 4 |  4.2
Fighting       | |  1.0
Dodging        | |  2.0
Spellcasting   | |  2.0

Action                   |  1- 3 |  4- 6 || total
-------------------------+-------+-------++-------
Melee: Unarmed           |    59 |    32 ||    91
       Constrict         |    19 |    11 ||    30
       Kick              |    16 |     5 ||    21
       Tentacles         |     6 |     5 ||    11
       Punch             |     1 |       ||     1
       Short sword       |       |    15 ||    15
 Cast: Beastly Appendage |    26 |     7 ||    33
       Spider Form       |       |     1 ||     1
       Sticks to Snakes  |       |     1 ||     1
 Stab: Sleeping          |     7 |     2 ||     9
  Eat: Chunk             |     1 |     2 ||     3
Armor: Skin              |     9 |     5 ||    14
Dodge: Dodged            |    31 |    43 ||    74

Table legend:
 A = Spawn XP
 B = Non-spawn XP
 C = Spawn XP percentage of total XP
 D = Spawn monster count
 E = Non-spawn monster count
 F = Spawn count percentage of total count
 G = Total turns spent on level
                    A         B        C        D         E        F      G
               +---------+---------+-------+---------+---------+-------+---------
         Total |       0 |     201 |   0.0 |       0 |      55 |   0.0 |  1690
               +---------+---------+-------+---------+---------+-------+---------
           D:1 |       0 |      29 |   0.0 |       0 |      18 |   0.0 |   545
           D:2 |       0 |      74 |   0.0 |       0 |      27 |   0.0 |  1027
           D:3 |       0 |      98 |   0.0 |       0 |      10 |   0.0 |   118
               +---------+---------+-------+---------+---------+-------+---------

Vault maps used:
D:1:      minmay_arrival_four_houses
D:2:      fedhas_altar_4
D:3:      grunt_temple_overflow_open, first_ration

Table legend:
 A = Turns spent in this place as a percentage of turns spent in the entire game.
 B = Non-inter-level travel turns spent in this place as a percentage of non-inter-level travel turns spent in the entire game.
 C = Inter-level travel turns spent in this place as a percentage of turns spent in this place.
 D = Turns resting spent in this place as a percentage of non-inter-level travel turns spent in this place.
 E = Turns spent auto-exploring this place as a percentage of non-inter-level travel turns spent in this place.
 F = Non-inter-level travel turns spent in this place divided by the number of levels of this place that you've seen.
                   A       B       C       D       E      F
               +-------+-------+-------+-------+-------+----------------------
         Total | 100.0 | 100.0 |   5.9 |   0.2 |  74.7 | 530.0
       Dungeon | 100.0 | 100.0 |   5.9 |   0.2 |  74.7 | 530.0
               +-------+-------+-------+-------+-------+----------------------

Table legend:
 A = Kills in this place as a percentage of kills in entire the game.
 B = Kills by you in this place as a percentage of kills by you in the entire game.
 C = Kills by friends in this place as a percentage of kills by friends in the entire game.
 D = Other kills in this place as a percentage of other kills in the entire game.
 E = Experience gained in this place as a percentage of experience gained in the entire game.
 F = Experience gained in this place divided by the number of levels of this place that you have seen.
                   A       B       C       D       E      F
               +-------+-------+-------+-------+-------+----------------------
         Total | 100.0 | 100.0 |   N/A |   N/A | 100.0 |  67.0
       Dungeon | 100.0 | 100.0 |   N/A |   N/A | 100.0 |  67.0
               +-------+-------+-------+-------+-------+----------------------
